 Dungeon Crawl Stone Soup version 0.21.1-1-g345015fe64 (webtiles) character file.

126 Kohma the Ruffian (level 4, 0/45 HPs)
             Began as a Troll Fighter on June 22, 2018.
             Slain by Grinder (5 damage)
             ... on level 3 of the Dungeon.
             The game lasted 00:04:29 (1491 turns).

Kohma the Ruffian (Troll Fighter)                   Turns: 1491, Time: 00:04:29

Health: 0/45       AC:  5    Str: 26    XL:     4   Next: 84%
Magic:  3/3        EV:  8    Int:  6    God:
Gold:   139        SH:  9    Dex: 10    Spells: 3/3 levels left

rFire    . . .     SeeInvis .     - Unarmed
rCold    . . .     Gourm    +   b - +0 shield
rNeg     . . .     Faith    .   a - +0 robe
rPois    .         Spirit   .   (helmet restricted)
rElec    .         Reflect  .   (no cloak)
rCorr    .         Harm     .   (gloves unavailable)
MR       .....                  (boots unavailable)
Stlth    +.........             (no amulet)
HPRegen  0.55/turn              (no ring)
MPRegen  0.08/turn              (no ring)

@: no status effects
A: large, unfitting armour, claws 3, clever 1, fast metabolism 3, gourmand,
regeneration 1, shaggy fur 1, strong 1, tough skin 2
a: no special abilities


You were on level 3 of the Dungeon.
You were completely stuffed.

You visited 1 branch of the dungeon, and saw 3 of its levels.

You collected 139 gold pieces.

Inventory:

Hand Weapons
 p - a +2 hunting sling of freezing
Missiles
 e - 4 large rocks (quivered)
Armour
 a - a +0 robe (worn)
 b - a +0 shield (worn)
 t - a +0 large shield
Jewellery
 h - an uncursed ring of flight {unknown}
 i - a +1 ring of evasion {unknown}
 m - an uncursed ring of stealth {unknown}
Scrolls
 g - a scroll of enchant weapon {unknown}
 j - 3 scrolls of teleportation {unknown}
 n - 3 scrolls of identify {unknown}
 s - a scroll of remove curse {unknown}
Potions
 c - a potion of might
 f - a potion of cancellation {unknown}
 k - a potion of mutation
 l - a potion of magic {unknown}
 o - 2 potions of brilliance {unknown}
 q - a potion of heal wounds {unknown}
 r - a potion of curing {unknown}
Comestibles
 d - 9 rations


   Skills:
 + Level 3.0 Fighting
 - Level 2.4 Dodging
 + Level 3.1 Shields
 * Level 3.9 Unarmed Combat


You had 3 spell levels left.
You didn't know any spells.

Dungeon Overview and Level Annotations

Branches:
Dungeon (3/15)

Altars:
The Shining One

Annotations:
D:3 Grinder


Innate Abilities, Weirdness & Mutations

You are too large for most types of armour.
You have claws for hands.
Your metabolism is lightning-fast.
You like to eat raw meat.
Your natural rate of healing is unusually fast.
You are covered in fur. (AC +1)
You have very tough skin. (AC +2)
Your mind is acute. (Int +2)
Your muscles are strong. (Str +2)


Message History

You barely miss Grinder.
Grinder is heavily wounded.
Grinder gestures at you. You resist with significant effort.
You barely miss Grinder.
Grinder is heavily wounded.
Grinder hits you!
You writhe in agony.
* * * LOW HITPOINT WARNING * * *
Sorry, you're not good enough to have a special ability.
You scratch Grinder but do no damage.
Grinder is heavily wounded.
Grinder gestures at you. Pain shoots through your body!
* * * LOW HITPOINT WARNING * * *
It was a potion of mutation.
You feel extremely strange.
You feel stronger.
You feel clever. Grinder hits you.
* * * LOW HITPOINT WARNING * * *
You writhe in agony.
You die...

....#######.........##...
.........................
....######..............$
#.#.# #...............
#.#.# #............#
#.#.### #......(.....##.
....... #...............
....... #.....(.%..#....
....... ........@........
....... .#......5####...#
....... ......... ...#
#.#.##. .......... ...
..#.# ........... .. ..#
# #####....### #....#
......


You could see Grinder.

Vanquished Creatures
  An orc wizard (D:2)
  3 adders (D:2)
  2 worms
  3 dart slugs (D:1)
  4 leopard geckos
  4 orcs (D:2)
  3 bats
  2 giant cockroaches
  3 goblins
  8 hobgoblins
  A ball python (D:1)
  3 frilled lizards (D:1)
  7 kobolds
  10 rats
54 creatures vanquished.

Notes
Turn   | Place    | Note
-------+----------+-------------------------------------------
     0 | D:1      | Kohma the Troll Fighter began the quest for the Orb.
     0 | D:1      | Reached XP level 1. HP: 22/22 MP: 0/0
   164 | D:1      | Reached XP level 2. HP: 27/29 MP: 1/1
   450 | D:1      | Reached XP level 3. HP: 29/36 MP: 2/2
   836 | D:2      | Reached XP level 4. HP: 27/45 MP: 3/3
   992 | D:2      | Found a glowing golden altar of the Shining One.
  1469 | D:3      | Noticed Grinder
  1491 | D:3      | Gained mutation: Your muscles are strong. (Str +2) [potion of mutation]
  1491 | D:3      | Gained mutation: Your mind is acute. (Int +2) [potion of mutation]
  1491 | D:3      | Slain by Grinder

Skill      XL: |  1  2  3 |
---------------+----------+-----
Unarmed Combat | 3 |  3.9
Fighting       | 3 |  3.0
Shields        | 3 |  3.1
Dodging        | |  2.4

Action                   |  1- 3 |  4- 6 || total
-------------------------+-------+-------++-------
Melee: Unarmed           |    95 |    52 ||   147
Throw: Large rock        |     1 |       ||     1
  Use: Potion            |       |     1 ||     1
 Stab: Sleeping          |     1 |       ||     1
  Eat: Chunk             |    13 |     6 ||    19
Armor: Robe              |    25 |     7 ||    32
Dodge: Dodged            |    24 |     9 ||    33
Block: Shield            |    43 |    20 ||    63
